 Dungeon Crawl Stone Soup version 0.31-a0-1206-g41278d8d1d (webtiles) character file.

Game seed: 10178608850334952623

13669 tilp the Covert (level 11, -9/89 HPs)
             Began as a Vampire Enchanter on Dec 14, 2023.
             Was a Priest of Wu Jian.
             Killed from afar by a green death (42 damage)
             ... with a bolt of poison
             ... in a Gauntlet.
             The game lasted 00:21:10 (11252 turns).

tilp the Covert (Vampire Enchanter)                Turns: 11252, Time: 00:21:11

Health: -9/89      AC: 10    Str:  7    XL:     11   Next: 78%
Magic:  26/27      EV: 16    Int: 25    God:    Wu Jian [***...]
Gold:   154        SH:  7    Dex: 14    Spells: 9/20 levels left

rFire   . . .        a - +12 quick blade "Peat" {drain, Will+ Int+2}
rCold   + + .        G - +0 buckler
rNeg    . . .        P - +2 leather armour {rC+}
rPois   .            I - +1 helmet
rElec   .            (no cloak)
rCorr   .            F - +0 pair of gloves
SInv    +            (no boots)
Will    +....        (no amulet)
Stlth   ++++         j - ring of magical power
HPRegen 0.54/turn    q - ring of the Octopus King {rC+ HP+2 AC+2 EV+2 SH+2}
MPRegen 0.20/turn

%: no teleportation
@: lethally poisoned (-9 -> -21), confusing by touch, weak-willed, healing
quickly
A: alive, fangs 3, see invisible, vampiric 2
a: Exsanguinate, Renounce Religion, Wall Jump, Serpent's Lash


You were in a Gauntlet.
You worshipped Wu Jian.
Wu Jian was most pleased with you.
You visited 3 branches of the dungeon, and saw 13 of its levels.
You also visited: Sewer, Bailey and Gauntlet.

You collected 1136 gold pieces.
You spent 982 gold pieces at shops.

Inventory:

Hand Weapons
 a - the +12 quick blade "Peat" (weapon) {drain, Will+ Int+2}
   (You acquired it on level 5 of the Dungeon)

   Int+2:     It affects your intelligence (+2).
   Will+:     It increases your willpower.
 b - the +8 autumn katana {manifold assault}
   (You found it on level 5 of the Dungeon)
 k - a +3 falchion
 o - a +2 dagger of venom
 y - a +2 dagger of flaming
 z - a +7 dagger of venom
 J - a +2 dagger of electrocution
Missiles
 r - 5 boomerangs
 s - 36 poisoned darts (quivered)
 A - 3 throwing nets
Armour
 w - +0 swamp dragon scales
 F - a +0 pair of gloves (worn)
 G - a +0 buckler (worn)
 I - a +1 helmet (worn)
 K - a +0 kite shield
 M - the +6 plate armour of the Vestibule of Hell {+Inv Regen+}
   (You found it on level 10 of the Dungeon)

   +Inv:      It lets you turn invisible.
   Regen+:    It increases your rate of health regeneration.
 P - a +2 leather armour of cold resistance (worn)
Magical Staves
 g - a staff of earth
Jewellery
 j - a ring of magical power (left hand)
 q - a ring of the Octopus King (right hand) {rC+ HP+2 AC+2 EV+2 SH+2}
   (You bought it in a shop on level 9 of the Dungeon)

   [ring of protection from cold]

   AC+2:      It affects your AC (+2).
   EV+2:      It affects your evasion (+2).
   rC+:       It protects you from cold.
   HP+2:      It affects your health (+2).
   SH+2:      It affects your SH (+2).
 t - a +6 ring of intelligence
 L - a ring of positive energy
Wands
 n - a wand of iceblast (15)
 u - a wand of polymorph (7)
 v - a wand of mindburst (8)
 B - a wand of flame (17)
Scrolls
 f - 2 scrolls of revelation
 m - 8 scrolls of teleportation
 x - a scroll of immolation
 D - a scroll of amnesia
 E - a scroll of silence
Potions
 c - 6 potions of invisibility
 e - 3 potions of enlightenment
 h - 4 potions of might
 i - 5 potions of haste
 l - 4 potions of curing
 p - a potion of heal wounds
 C - 2 potions of lignification
 H - 2 potions of brilliance
 O - a potion of magic


   Skills:
 * Level 8.7 Fighting
 - Level 10.0(10.5) Short Blades
 + Level 4.5(7.4) Long Blades
 + Level 8.0 Dodging
 - Level 10.0 Stealth
 - Level 4.0 Shields
 - Level 5.0 Spellcasting
 - Level 8.0 Hexes
 - Level 2.0 Ice Magic
 - Level 4.0 Evocations


You had 9 spell levels left.
You knew the following spells:

 Your Spells              Type           Power      Damage    Failure   Level
a - Ensorcelled Hibernat  Hex/Ice        62%        N/A       3%          2
b - Confusing Touch       Hex            46%        N/A       2%          3
c - Tukima's Dance        Hex            46%        N/A       2%          3
d - Dazzling Flash        Conj/Hex       52%        N/A       11%         3

Your spell library contained the following spells:

 Spells                   Type           Power      Damage    Failure   Level
 Slow                     Hex            100%       N/A       1%          1
 Jinxbite                 Hex            92%        N/A       1%          2
 Sigil of Binding         Hex            46%        N/A       2%          3
 Freeze                   Ice            64%        1d7       9%          1
 Frozen Ramparts          Ice            32%        1d5       26%         3
 Hailstorm                Conj/Ice       11%        3d6       36%         3
 Anguish                  Hex/Necr       13%        N/A       36%         4
 Vampiric Draining        Necr           6%         2d6       50%         3
 Animate Dead             Necr           6%         N/A       88%         4
 Borgnjor's Vile Clutch   Necr/Erth      3%         N/A       99%         5
 Death Channel            Necr           3%         N/A       100%        6
 Haunt                    Necr/Summ      3%         N/A       100%        7
 Infestation              Necr           3%         N/A       100%        8


Dungeon Overview and Level Annotations

Branches:
Dungeon (11/15)            Temple (1/1) D:5            Lair (1/5) D:11
    Orc (0/2) D:10          Sewer (visited)          Bailey (visited)
Gauntlet (1/1)

Altars:
Ashenzari
Cheibriados
Dithmenos
Fedhas
Gozag
Hepliaklqana
Kikubaaqudgha
Makhleb
Nemelex Xobeh
Okawaru
Qazlal
Ru
Sif Muna
Trog
Uskayaw
Vehumet
Wu Jian
Xom
Yredelemnul

Shops:
D:1 (   D:9 =   D:11 [

Portals:
Trove: D:11 (give 2 scrolls of acquirement)

Annotations:
D:8 2 transporters, funaii's ghost, novice GnHs Gauntlet 13 transporters, exclusion: lightning spire


Innate Abilities, Weirdness & Mutations

Your natural rate of healing is accelerated.
You have razor-sharp teeth.
You have supernaturally acute eyesight. (SInv)
You are afflicted with vampirism and can become a bat while bloodless.


Message History

You bite the green death, but do no damage.
You are engulfed in poison gas.
You are more poisoned.
* * * LOW HITPOINT WARNING * * *
You feel extremely sick. The green death misses you.
You feel better.
You are engulfed in poison gas.
You are poisoned.
* * * LOW HITPOINT WARNING * * *
You feel very sick. You block the green death's attack.
Unknown command.
You spin and attack the green death.
You hit the green death but do no damage. x2
You bite the green death.
The green death is lightly wounded.
You feel very sick. The green death closely misses you.
Unknown command.
You feel better. The green death closely misses you.
Unknown command.
Unknown command.
Press: ? - help, v - describe, . - travel
Here: a green death (lightly wounded, chance to confuse on hit: 0%)
The floor.
As you read the scroll of vulnerability, it crumbles to dust.
Magic quickly surges around you. The green death closely misses you.
Unknown command.
Unknown command.
Casting: Confusing Touch (mildly dangerous; 2% risk of failure)
Confirm with . or Enter, or press ? or * to list all spells.
Aiming: Ensorcelled Hibernation (safe; 3% risk of failure)
Press: ? - help, Shift-Dir - straight line, f - green death
Aim: a green death (weak-willed, chance to confuse on hit: 19%, chance to affect: 14%)
Okay, then.
You completely miss the green death. x2
The green death gestures at you. The bolt of poison hits you!!!
You are poisoned.
You die...

.#.#...#.#.#YY##.##^.#.#.#.≈.§§§.
..©)[..#.#.#Y.Y.Y....#.#.#yyy≈...
##########.###########.##########
.#©........#≈≈§≈8§§≈≈#........©#.
.#########.###########.#########.
.........#.#.........#.#.........
.........#.#.#.#.#.#.#.#.........
#######..#.#..#.#.#.$#.#..#######
#8# #8#..#.#.#°#@#.#[#.#..#8# #8#
### ###..#©#..#2©.#.©#©#..### ###
#..###.#.#.#.#?###..#
#....#..#.#.#..#....#
#....#.#.#.#.#.#....#
###..#.........#..###
#8#..###########..#8#
###...............###
#≈.............≈#


You could see 3 death yaks and a green death (weak-willed).

Vanquished Creatures
  3 two-headed ogres
  Pikel (D:5)
  3 cyclopes (D:11)
  Maggie (D:8)
  An unseen horror (D:10)
  A kobold demonologist (D:10)
  A troll (D:10)
  A spriggan (Bailey)
  2 shadows
  A wyvern (D:10)
  A ynoxinul (Gauntlet)
  17 yaks
  A vampire (D:11)
  3 vampire mosquitoes (D:11)
  2 wargs (D:10)
  2 acid dragons
  3 water moccasins
  4 orc warriors
  2 ice beasts
  4 black bears
  5 ogres
  4 centaurs
  A phantom (D:5)
  3 lemures (D:5)
  2 kobold brigands
  6 scorpions
  6 bullfrogs
  8 wights (D:9)
  11 killer bees (D:10)
  The ghost of nago the Sneak, a weakling DjDe (D:5)
  3 howler monkeys (D:10)
  3 hounds
  3 jellies
  2 gnoll boudas
  3 orc priests (D:10)
  4 iron imps (Gauntlet)
  Ijyb (D:3)
  Jessica (D:2)
  3 iguanas
  10 orc wizards
  Robin (D:2)
  20 adders
  9 gnolls
  5 river rats
  A white imp (D:5)
  2 ufetubi (D:7)
  3 worms
  5 dart slugs
  34 orcs
  17 endoplasms
  7 giant cockroaches
  17 goblins
  16 hobgoblins
  3 jackals
  10 kobolds
  7 quokkas
  13 ball pythons
  4 bats
  7 frilled lizards
  7 rats
322 creatures vanquished.

Notes
Turn   | Place    | Note
-------+----------+-------------------------------------------
     0 | D:1      | tilp the Vampire Enchanter began the quest for the Orb.
     0 | D:1      | Reached XP level 1. HP: 13/13 MP: 3/3
    65 | D:1      | Found Daxanu's Antique Weapon Shop.
    93 | D:1      | Reached XP level 2. HP: 20/20 MP: 5/5
   136 | D:1      | Learned a level 2 spell: Ensorcelled Hibernation
   741 | D:2      | Reached skill level 1 in Fighting
   741 | D:2      | Gained mutation: You are afflicted with vampirism and can
                  | become a bat while bloodless. [Vampire growth]
   741 | D:2      | Reached XP level 3. HP: 26/26 MP: 3/6
   866 | D:2      | Learned a level 3 spell: Confusing Touch
  1021 | D:2      | Reached XP level 4. HP: 32/32 MP: 7/7
  1039 | D:2      | Noticed Jessica
  1045 | D:2      | Killed Jessica
  1046 | D:2      | Reached skill level 5 in Stealth
  1090 | D:2      | Found a broken altar of Ashenzari.
  1519 | D:3      | Noticed Robin
  1525 | D:2      | Killed Robin
  1526 | D:2      | Reached XP level 5. HP: 34/38 MP: 8/8
  1602 | D:3      | Reached skill level 5 in Hexes
  1628 | D:3      | Learned a level 3 spell: Tukima's Dance
  1671 | D:3      | Noticed Ijyb
  2003 | D:3      | Killed Ijyb
  2349 | D:3      | Reached XP level 6. HP: 40/44 MP: 9/9
  2695 | D:4      | Found a glowing drain.
  2700 | D:4      | Reached skill level 1 in Ice Magic
  2749 | Sewer    | Entered a sewer
  3161 | Sewer    | Found a viscous altar of Jiyva.
  3499 | D:4      | Reached skill level 1 in Evocations
  3499 | D:4      | Reached XP level 7. HP: 25/51 MP: 11/11
  3565 | D:4      | Learned a level 3 spell: Dazzling Flash
  4018 | D:4      | Found a broken altar of Ashenzari.
  4256 | D:5      | Entered Level 5 of the Dungeon
  4426 | D:5      | Found a staircase to the Ecumenical Temple.
  4435 | D:5      | Noticed Pikel
  4509 | D:5      | Killed Pikel
  4510 | D:5      | Reached skill level 5 in Dodging
  4510 | D:5      | Reached XP level 8. HP: 15/59 MP: 12/12
  4582 | Temple   | Entered the Ecumenical Temple
  4604 | Temple   | Became a worshipper of the Wu Jian Council
  4728 | D:5      | Found a runed translucent door.
  4893 | D:5      | Reached skill level 5 in Short Blades
  4978 | D:5      | Noticed nago's ghost (weakling DjDe)
  4984 | D:5      | Found the +8 autumn katana {manifold assault}
  5477 | D:5      | Reached * piety under Wu Jian
  5612 | D:5      | Killed nago's ghost
  5634 | D:5      | Identified 2 scrolls of acquirement
  5634 | D:5      | Acquired the +12 quick blade "Peat" {drain, Will+ Int+2}
  5711 | D:6      | Reached XP level 9. HP: 66/66 MP: 14/14
  5895 | D:6      | Reached skill level 5 in Fighting
  6214 | D:6      | Found a blossoming altar of Fedhas.
  6215 | D:6      | Found an opulent altar of Gozag.
  6226 | D:6      | Found a hazy altar of Hepliaklqana.
  6994 | D:8      | Identified the +7 war axe "Bolainojue" {flame, Dex+3}
  7019 | D:8      | Found a flagged portal.
  7027 | Bailey   | Entered a bailey
  7344 | D:8      | Noticed a +0 hand axe
  7344 | D:8      | Noticed a +0 dagger
  7345 | D:8      | Found a hide-covered altar of Uskayaw.
  7363 | D:8      | Reached ** piety under Wu Jian
  7502 | D:8      | Noticed Maggie
  7509 | D:8      | Killed Maggie
  7510 | D:8      | Reached XP level 10. HP: 76/76 MP: 17/17
  7580 | D:8      | Found a transporter.
  7585 | D:8      | Found a transporter.
  7728 | D:8      | Noticed funaii's ghost (novice GnHs)
  7841 | D:9      | Reached skill level 5 in Spellcasting
  8012 | D:9      | Reached skill level 10 in Stealth
  8401 | D:9      | Found Xoodoon's Jewellery Emporium.
  8408 | D:9      | Acquired 563 gold pieces
  8410 | D:9      | Bought a ring of the Octopus King {rC+ HP+2 AC+2 EV+2 SH+2}
                  | for 982 gold pieces
  8410 | D:9      | Found the ring of the Octopus King {rC+ HP+2 AC+2 EV+2
                  | SH+2}
  8523 | D:9      | You fall into a shaft and drop 2 floors!
  8536 | D:11     | Noticed a two-headed ogre
  8537 | D:11     | Noticed a two-headed ogre
  8552 | D:11     | Reached skill level 10 in Short Blades
  8555 | D:11     | Killed a two-headed ogre
  8556 | D:11     | Reached skill level 1 in Long Blades
  8556 | D:11     | Reached skill level 1 in Shields
  8570 | D:11     | Killed a two-headed ogre
  8628 | D:11     | Found a staircase to the Lair.
  8699 | D:11     | Reached *** piety under Wu Jian
  8735 | D:11     | Found a portal to a secret trove of treasure.
  8758 | D:11     | Reached XP level 11. HP: 84/84 MP: 18/18
  8790 | D:10     | Entered Level 10 of the Dungeon
  8832 | D:10     | Identified the +6 plate armour of the Vestibule of Hell
                  | {+Inv Regen+}
  9212 | D:9      | Noticed a two-headed ogre
  9215 | D:9      | Killed a two-headed ogre
  9326 | D:10     | Found a staircase to the Orcish Mines.
  9982 | D:10     | Found a sacrificial altar of Ru.
 10232 | D:11     | Found Urret's Armour Emporium.
 10722 | Lair:1   | Entered Level 1 of the Lair of Beasts
 10722 | Lair:1   | Found a gate leading to a gauntlet.
 10726 | Gauntlet | Entered a Gauntlet
 10726 | Gauntlet | Found a transporter.
 10726 | Gauntlet | Found a transporter.
 10730 | Gauntlet | Found a transporter.
 10732 | Gauntlet | Found a transporter.
 10733 | Gauntlet | Noticed a necromancer
 10735 | Gauntlet | Noticed a fire crab
 10740 | Gauntlet | Noticed a death yak
 10741 | Gauntlet | Noticed a death yak
 10742 | Gauntlet | Found a transporter.
 10743 | Gauntlet | Noticed a death yak
 10744 | Gauntlet | Noticed a death yak
 10746 | Gauntlet | Noticed a death yak
 10746 | Gauntlet | Noticed a fire crab
 10750 | Gauntlet | Found a transporter.
 10750 | Gauntlet | Found a transporter.
 10754 | Gauntlet | Found a transporter.
 10781 | Gauntlet | Found a transporter.
 10788 | Gauntlet | Found a transporter.
 10806 | Gauntlet | Found a transporter.
 10828 | Gauntlet | Found a transporter.
 10870 | Gauntlet | Found a transporter.
 10872 | Gauntlet | Noticed a green ugly thing
 10874 | Gauntlet | Noticed a glowing orange brain
 10883 | Gauntlet | Noticed a glowing orange brain
 10884 | Gauntlet | Found a transporter.
 10985 | Gauntlet | Found a transporter.
 10987 | Gauntlet | Noticed a green death
 11001 | Gauntlet | Found a transporter.
 11252 | Gauntlet | Killed from afar by a green death

Illustrated notes

Levels and vault maps discovered:
D:1:      orjb1_clovarrival, layout_loops_ring, serial_shops,
          nicolae_shop_behind_doors
D:2:      layout_basic, basic_altar, uniq_jessica
D:3:      minmay_chambers_of_threes, layout_rooms, uniq_ijyb, uniq_robin
D:4:      layout_cave_pods, evilmike_ruin_ashenzari, gup_sewer_entry_bubbles
D:5:      layout_rooms, minmay_temple_entry_large_hall,
          ebering_ghost_inner_flame, hangedman_decor_peaks_small,
          nrook_mini_backslash, kennysheep_pointless_box, uniq_pikel
D:6:      layout_loops_ring, nicolae_overflow_quartered_altars
D:7:      layout_basic, kennysheep_potato
D:8:      layout_basic, dancing_weapons_uskayaw, gammafunk_ghost_hive,
          enter_bailey_2, uniq_maggie
D:9:      layout_loops_corners, serial_shops, nicolae_shop_rolling_square
D:10:     minmay_general_purpose_star, layout_cave_pods, zin_statuary,
          nicolae_overflow_hidden_temple, minmay_orc_entry_guard_dogs,
          hangedman_decor_riveting
D:11:     layout_roguey, due_lair_maze_entry_diamond, serial_shops, shop,
          enter_trove_1
Temple:   nicolae_temple_superstar
Lair:1:   layout_gridlike, gauntlet_entry_generic,
          chequers_serial_rivers_small_b, nicolae_lair_grove_arrangements
Gauntlet: gammafunk_gauntlet_branching [nicolae_gauntlet_arena_t_cross,
          gammafunk_gauntlet_arena_mazey, gammafunk_gauntlet_arena_grid,
          gammafunk_gauntlet_arena_split_diamond, nicolae_gauntlet_swirl,
          gammafunk_gauntlet_arena_spirals, nicolae_gauntlet_arena_flowing_pool,
          gammafunk_gauntlet_arena_hedges, gauntlet_exit_hidden_loot]

Skill      XL: |  1  2  3  4  5  6  7  8  9 10 11 |
---------------+----------------------------------+-----
Fighting       | 1 2 3 4 6 7 8 |  8.7
Short Blades   | 2 3 4 5 7 10 | 10.0
Dodging        | 3 4 5 6 8 |  8.0
Stealth        | 5 6 7 9 10 | 10.0
Hexes          | 5 6 7 8 |  8.0
Ice Magic      | 1 2 |  2.0
Evocations     | 1 2 3 4 |  4.0
Spellcasting   | 3 4 5 |  5.0
Long Blades    | 2 4 |  4.5
Shields        | 2 4 |  4.0

Action                     |  1- 3 |  4- 6 |  7- 9 | 10-12 || total
---------------------------+-------+-------+-------+-------++-------
  Melee: Dagger            |    84 |   275 |    89 |       ||   448
         Bite              |     7 |    20 |    14 |    46 ||    87
         Punch             |       |     1 |     3 |       ||     4
         Quick blade       |       |       |   104 |   338 ||   442
         Katana            |       |       |       |    46 ||    46
  Throw: Dart              |       |     1 |     2 |       ||     3
         Stone             |       |     1 |       |       ||     1
   Cast: Ensorcelled Hiber |     5 |    69 |    45 |    13 ||   132
         Confusing Touch   |       |     1 |     7 |     8 ||    16
Ability: Lunge             |       |       |    22 |    14 ||    36
         Whirlwind         |       |       |     1 |     2 ||     3
  Evoke: Wand              |       |       |     1 |       ||     1
    Use: Scroll            |     4 |     5 |    12 |     4 ||    25
         Potion            |       |       |     1 |     2 ||     3
   Stab: Sleeping          |    10 |    59 |    34 |    12 ||   115
         Confused          |       |     1 |     4 |     5 ||    10
         Distracted        |       |       |       |     1 ||     1
 Armour: Robe              |    29 |   126 |    70 |    59 ||   284
         Leather armour    |       |       |       |     3 ||     3
  Dodge: Dodged            |    40 |   172 |    67 |   105 ||   384
  Block: Buckler           |       |       |    12 |    51 ||    63

Table legend: (Time is in decaauts)
 A = Elapsed time spent in this place.
 B = Non-inter-level travel time spent in this place.
 C = Inter-level travel time spent in this place.
 D = Time resting spent in this place.
 E = Time spent auto-exploring this place.
 F = Levels seen in this place.
 G = Mean time per level.
                   A        B        C        D        E       F      G
               +--------+--------+--------+--------+--------+-----+--------+
         Total |  11205 |  10533 |    672 |    972 |   7069 |  16 |  700.3 |
       Dungeon |  10099 |   9459 |    640 |    780 |   6712 |  11 |  918.1 |
        Temple |     33 |      1 |     32 |      0 |      0 |   1 |   33.0 |
          Lair |      3 |      3 |      0 |      0 |      0 |   1 |    3.0 |
         Sewer |    488 |    488 |      0 |    192 |     53 |   1 |  488.0 |
        Bailey |     59 |     59 |      0 |      0 |     21 |   1 |   59.0 |
      Gauntlet |    521 |    521 |      0 |      0 |    282 |   1 |  521.0 |
               +--------+--------+--------+--------+--------+-----+--------+

Top non-repeatable levels by time:
     D:5: 1353 daAuts
     D:4: 1159 daAuts
     D:3: 975 daAuts
     D:9: 965 daAuts
    D:10: 962 daAuts
     D:1: 846 daAuts
     D:6: 825 daAuts
     D:8: 808 daAuts
     D:2: 801 daAuts
    D:11: 752 daAuts
     D:7: 648 daAuts
Gauntlet: 521 daAuts
   Sewer: 488 daAuts
  Bailey: 59 daAuts
  Temple: 33 daAuts
